 Dungeon Crawl Stone Soup version 0.23.2-1-ga50397a (webtiles) character file.

Game seed: 13862253300304198557

83628 doot the Earth Mage (level 16, -5/83 HPs)
             Began as a Formicid Earth Elementalist on May 16, 2019.
             Was a High Priest of Sif Muna.
             Slain by a chaos spawn (14 damage)
             ... on level 2 of the Abyss.
             The game lasted 02:14:52 (35287 turns).

doot the Earth Mage (Formicid Earth Elementalist)  Turns: 35287, Time: 02:14:54

Health: -5/83      AC: 10    Str: 14      XL:     16   Next: 25%
Magic:  43/53      EV: 13    Int: 14 (15) God:    Sif Muna [*****.]
Gold:   899        SH:  2    Dex: 12      Spells: 7/45 levels left

rFire    . . .     SeeInvis +   b - staff of earth
rCold    . . .     Gourm    .   (no shield)
rNeg     + . .     Faith    .   c - +0 troll leather armour
rPois    +         Spirit   .   (helmet unavailable)
rElec    .         Reflect  +   D - +2 ratskin cloak {+Rats rPois rN+ Str-1 Int-1 Dex+1}
rCorr    .         Harm     .   W - +0 pair of gloves
MR       +....                  g - +1 pair of boots
Stlth    +++.......             u - +2 amulet of reflection
HPRegen  0.00/turn              F - ring of magical power
MPRegen  0.33/turn              m - ring of magical power

@: studying Short Blades
A: permanent stasis, dig shafts and tunnels, four strong arms, antennae 3,
[deterioration 2], [dopey 2], [frail 2], [screaming 2], [inhibited
regeneration], [no potion heal 2]
a: Dig, Shaft Self, Divine Energy, Channel Magic, Forget Spell, Renounce
Religion, Evoke Ratskin


You were on level 2 of the Abyss.
You worshipped Sif Muna.
Sif Muna was extremely pleased with you.
You were hungry.

You visited 4 branches of the dungeon, and saw 24 of its levels.
You visited the Abyss 1 time.
You also visited: Bailey and Ice Cave.

You collected 2847 gold pieces.
You spent 1948 gold pieces at shops.

Inventory:

Hand Weapons
 a - a +3 rapier of speed
 B - the +10 battleaxe of Umatef {flame, Str+2}
   (You took it off an orc warrior on level 12 of the Dungeon)

   It has been specially enchanted to burn those struck by it, causing extra
   injury to most foes and up to half again as much damage against particularly
   susceptible opponents.
   Big, fiery blades are also staple armaments of hydra-hunters.
   It affects your strength (+2).
 H - a +1 double sword of slicing
Missiles
 n - 48 stones (quivered)
Armour
 c - a +0 troll leather armour (worn)
 g - a +1 pair of boots (worn)
 q - a +1 cloak of magic resistance
 D - the +2 ratskin cloak (worn) {+Rats rPois rN+ Str-1 Int-1 Dex+1}
   (You found it on level 6 of the Dungeon)

   It affects your strength (-1).
   It affects your intelligence (-1).
   It affects your dexterity (+1).
   It protects you from poison.
   It protects you from negative energy.
 W - a +0 pair of gloves (worn)
Magical Staves
 b - an uncursed staff of earth (weapon)
Jewellery
 m - a ring of magical power (right hand)
 u - a +2 amulet of reflection (around neck)
 y - an uncursed amulet of faith
 F - a ring of magical power (left hand)
 I - a +3 ring of slaying
 K - an uncursed ring of poison resistance
 S - an uncursed ring of flight
 T - a +3 ring of protection
Wands
 p - a wand of polymorph (16)
 t - a wand of enslavement (4)
 A - a wand of clouds (23)
 J - a wand of flame (64)
 M - a wand of digging (2)
 O - a wand of iceblast (4)
 R - a wand of paralysis (32)
Scrolls
 h - 3 scrolls of noise
 i - 14 scrolls of teleportation
 l - 3 scrolls of magic mapping
 r - a scroll of amnesia {unknown}
 s - a scroll of fog
 C - 2 scrolls of vulnerability
 E - 10 scrolls of remove curse
 G - a scroll of enchant weapon
 N - a scroll of enchant armour
 Y - a scroll of acquirement
 Z - 2 scrolls of fear
Potions
 e - a potion of resistance
 f - a potion of might
 j - 3 potions of berserk rage
 o - 2 potions of invisibility
 v - 2 potions of lignification
 w - 10 potions of curing
 z - 3 potions of degeneration
 L - 3 potions of flight
 V - a potion of cancellation
 X - a potion of mutation
Books
 x - a manual of Short Blades
Miscellaneous
 Q - a lightning rod (4/4)
 U - a sack of spiders
Comestibles
 d - 6 rations


   Skills:
 - Level 3.1 Fighting
 - Level 4.4 Short Blades
 - Level 0.6 Staves
 - Level 2.7 Armour
 - Level 4.2 Dodging
 - Level 6.5 Stealth
 - Level 15.4 Spellcasting
 - Level 6.5 Conjurations
 - Level 1.8 Transmutations
 - Level 2.5 Fire Magic
 + Level 18.4 Earth Magic
 - Level 11.9 Evocations


You had 7 spell levels left.
You knew the following spells:

 Your Spells              Type           Power        Failure   Level  Hunger
a - Sandblast             Erth           ######       0%          1    None
b - Stone Arrow           Conj/Erth      ######       1%          3    None
c - Lee's Rapid Deconstr  Erth           #######...   1%          5    ####...
d - Petrify               Tmut/Erth      ######..     1%          4    ##.....
e - Conjure Flame         Conj/Fire      ###.....     3%          3    None
f - Mephitic Cloud        Conj/Pois/Air  ###.....     9%          3    None
g - Ozocubu's Armour      Chrm/Ice       ##......     22%         3    None
h - Iron Shot             Conj/Erth      ######....   7%          6    ######.
i - Bolt of Magma         Conj/Fire/Erth ######....   4%          5    ####...
j - Borgnjor's Vile Clut  Necr/Erth      ######....   4%          5    ####...

Your spell library contained the following spells:

 Spells                   Type           Power        Failure   Level  Hunger
 Flame Tongue             Conj/Fire      ###..        1%          1    None
 Magic Dart               Conj           ####         1%          1    None
 Passwall                 Tmut/Erth      ######..     1%          2    None
 Throw Flame              Conj/Fire      ###...       1%          2    None
 Leda's Liquefaction      Hex/Erth       ######....   1%          4    ##.....
 Beastly Appendage        Tmut           ###...       3%          1    None
 Throw Frost              Conj/Ice       ###...       3%          2    None
 Sticks to Snakes         Tmut           ###.....     5%          2    None
 Animate Skeleton         Necr           N/A          8%          1    None
 Freeze                   Ice            ##..         8%          1    None
 Pain                     Necr           ##..         8%          1    None
 Summon Small Mammal      Summ           ##..         8%          1    None
 Call Imp                 Summ           ##......     11%         2    None
 Slow                     Hex            ##......     11%         2    None
 Sticky Flame             Conj/Fire      ###.....     12%         4    ##.....
 Spider Form              Tmut/Pois      ##........   16%         3    None
 Throw Icicle             Conj/Ice       ###.....     19%         4    ##.....
 Statue Form              Tmut/Erth      ######...    19%         6    ######.
 Call Canine Familiar     Summ           ##......     22%         3    None
 Regeneration             Chrm/Necr      ##........   22%         3    None
 Summon Guardian Golem    Hex/Summ       ##......     22%         3    None
 Vampiric Draining        Necr           ##........   22%         3    None
 Fireball                 Conj/Fire      ###.......   32%         5    ####...
 Ice Form                 Ice/Tmut       ##......     45%         4    ##.....
 Animate Dead             Necr           N/A          58%         4    ##.....
 Summon Ice Beast         Ice/Summ       ##......     58%         4    ##.....
 Summon Lightning Spire   Summ/Air       ##......     58%         4    ##.....
 Blade Hands              Tmut           ###.......   67%         5    ####...
 Bolt of Fire             Conj/Fire      ###.......   87%         6    ######.
 Shatter                  Erth           #######...   98%         9    #######
 Ignition                 Fire           ###.......   100%        8    #######
 Blink                    Tloc           Unusable     N/A         2    N/A

Dungeon Overview and Level Annotations

Branches:
Dungeon (15/15)            Temple (1/1) D:5            Lair (6/6) D:10
  Swamp (0/4) Lair:2        Snake (0/4) Lair:4        Slime (0/5) Lair:5
    Orc (2/2) D:9             Elf (0/3) Orc:2        Vaults (0/5) D:13
 Depths (0/5) D:15

Altars:
Ashenzari
Cheibriados
Dithmenos
Elyvilon
Fedhas
Gozag
Hepliaklqana
Kikubaaqudgha
Makhleb
Nemelex Xobeh
Okawaru
Qazlal
Ru
Sif Muna
Trog
Uskayaw
Wu Jian
Xom
Yredelemnul
Zin
The Shining One
Beogh
Jiyva

Shops:
D:6 *   D:13 *   D:15 *   Orc:1 [   Orc:2 =:([%

Annotations:
D:12 Aske's ghost, journeyman KoGl
Lair:1 3 runed translucent doors, RadicalHijinx's ghost, journeyman FoAK
Lair:5 1 runed translucent door


Innate Abilities, Weirdness & Mutations

You cannot be hasted, slowed, berserked, paralysed or teleported.
You can dig through walls and to a lower floor.
Your four strong arms can wield two-handed weapons with a shield.
You have a pair of large antennae on your head. (SInv)
[Your body often deteriorates upon taking damage.]
[You are very dopey. (Int -4)]
[You are very frail. (-20% HP)]
[You sometimes yell uncontrollably at your foes.]
[You do not regenerate when monsters are visible.]
[Potions are poor at restoring your health.]


Message History

You are engulfed in flames.
* * * LOW HITPOINT WARNING * * *
The wretched star pulses with an eldritch light!
Your system partially rejects the healing effects of potions.
Your system mostly rejects the healing effects of potions.
Unknown command.
Unknown command.
Casting: Sandblast (safe; 0% risk of failure)
Confirm with . or Enter, or press ? or * to list all spells.
Aiming: Iron Shot (safe; 7% risk of failure)
Press: ? - help, Shift-Dir - straight line, f/p - wretched star
Aim: a wretched star (moderately damaged)
You feel a surge of power!
The iron shot hits the wretched star!
The wretched star is heavily damaged.
The raiju barks!
You are feeling hungry.
The chaos spawn hits you.
* * * LOW HITPOINT WARNING * * *
The chaos spawn freezes you!
You die...

. {# ####.#.## #.##
.#... ##.. . ##...###.
#h# # ##.#....# ....#..
...hh.##.#.....{.......
. # ... . #.## . ...#
#.#.......#.#.###..# .
.#.......X
##h#.....#... ..#...
...#.#.4#*....# # .
...#.# #@.....#
#........ ยง# ###.#..#
# ........ . .# ##.# #.
.....#.#... .
#.......##.. #. ###. .
.#.. #. #...). # . . ##
... . #. ##.. .# #


You could see a wretched star, a raiju and a chaos spawn.

Vanquished Creatures
  Roxanne (D:15)
  A frost giant (IceCv)
  3 ogre magi
  4 hydras
  A catoblepas (D:14)
  3 centaur warriors
  A death knight (D:14)
  The ghost of Borgoz the Carver, a journeyman GrGl of Ashenzari (D:10)
  6 death yaks
  11 two-headed ogres
  A tengu warrior (D:10)
  Urug (Lair:3)
  4 skeletal warriors
  2 unseen horrors
  Pikel (D:6)
  10 orc knights
  3 cyclopes (D:14)
  A lindwurm (Lair:5)
  A manticore (D:14)
  An oklob plant (Lair:2)
  2 deep elf magi
  5 ugly things
  A black mamba (Lair:6)
  5 elephants
  A centaur zombie (D:10)
  An ice statue (IceCv)
  Psyche (D:8)
  2 gargoyles (D:14)
  12 spiny frogs
  5 rime drakes
  A freezing wraith (D:14)
  3 kobold demonologists
  4 komodo dragons
  8 centaur skeletons
  A hornet (D:13)
  4 trolls
  16 polar bears
  6 slime creatures (D:13)
  A raiju (Abyss:2)
  7 blink frogs
  7 hippogriffs
  A shadow (D:14)
  A spriggan (D:11)
  A wraith (D:14)
  A fire elemental (Abyss:2)
  4 vampire mosquitoes (D:13)
  2 wyverns
  50 yaks
  A hungry ghost (D:14)
  A swamp worm (Lair:2)
  7 wargs
  6 soldier ants
  5 nagas (Lair:4)
  An acid dragon (D:12)
  5 porcupines
  9 water moccasins
  45 orc warriors
  4 sky beasts
  2 black bears (D:11)
  A black bear (shapeshifter) (D:15)
  6 ice beasts
  A slave (D:6)
  6 phantoms
  2 eyes of draining
  19 wolves
  14 ogres
  A necrophage (D:10)
  5 crocodiles
  8 centaurs
  5 big kobolds
  10 bullfrogs
  A water moccasin skeleton (D:8)
  A scorpion (D:4)
  A wyvern skeleton (D:10)
  9 killer bees (D:10)
  14 wights
  A howler monkey (D:10)
  6 crimson imps
  A quasit (D:14)
  4 jellies
  11 orc priests
  4 hounds
  A bullfrog zombie (D:12)
  4 bullfrog skeletons
  17 orc wizards
  4 iguanas
  A worker ant (shapeshifter) (D:14)
  3 hell rats (D:6)
  16 worker ants
  2 hound zombies (D:5)
  A hound skeleton (D:9)
  A mummy (D:6)
  11 gnolls
  13 adders
  3 river rats (D:6)
  3 shadow imps
  2 oozes (D:3)
  An adder skeleton (D:5)
  4 leopard geckos
  86 orcs
  4 bats
  5 giant cockroaches
  6 hobgoblins
  10 jackals
  3 quokkas
  4 ball pythons
  9 frilled lizards
  10 goblins
  A goblin zombie (D:6)
  A jackal zombie (D:5)
  20 kobolds
  A leopard gecko skeleton (D:7)
  An orc zombie (D:6)
  A quokka zombie (D:6)
  20 rats
  A fungus (Lair:5)
  A plant (Lair:2)
698 creatures vanquished.

Vanquished Creatures (collateral kills)
  A hippogriff (D:7)
  A yak (IceCv)
  A necrophage (D:11)
  A wolf (IceCv)
  An ogre (D:13)
  An orc (D:13)
6 creatures vanquished.

Vanquished Creatures (others)
  A two-headed ogre (D:15)
  A cyclops (D:15)
  A hippogriff (D:15)
  2 yaks (IceCv)
  2 slaves (D:6)
  2 wolves (IceCv)
  2 centaurs (D:15)
  A jelly (D:6)
  4 orcs (D:6)
  A jackal (D:6)
  6 fungi
  4 plants
27 creatures vanquished.

Grand Total: 731 creatures vanquished

Notes
Turn   | Place    | Note
-------+----------+-------------------------------------------
     0 | D:1      | doot the Formicid Earth Elementalist began the quest for
                  | the Orb.
     0 | D:1      | Reached XP level 1. HP: 13/13 MP: 3/3
   346 | D:1      | Reached skill level 4 in Earth Magic
   346 | D:1      | Reached XP level 2. HP: 19/19 MP: 3/5
  1064 | D:2      | Reached XP level 3. HP: 24/24 MP: 6/6
  1071 | D:2      | Learned a level 3 spell: Stone Arrow
  1744 | D:3      | You fall through a shaft!
  1810 | D:4      | Reached skill level 5 in Earth Magic
  1810 | D:4      | Reached XP level 4. HP: 27/30 MP: 3/7
  1858 | D:4      | Found a bloodstained altar of Trog.
  2020 | D:4      | Noticed a bullfrog
  2025 | D:4      | Killed a bullfrog
  2025 | D:4      | Reached XP level 5. HP: 35/35 MP: 0/9
  2111 | D:4      | Found a stormy altar of Qazlal.
  2124 | D:4      | Learned a level 5 spell: Lee's Rapid Deconstruction
  2309 | D:4      | Reached skill level 6 in Earth Magic
  2309 | D:4      | Reached XP level 6. HP: 41/41 MP: 0/11
  2759 | D:4      | Found a glowing golden altar of the Shining One.
  2839 | D:4      | Noticed an ogre
  2872 | D:4      | Killed an ogre
  3118 | D:4      | Reached XP level 7. HP: 18/47 MP: 4/13
  3425 | D:5      | Entered Level 5 of the Dungeon
  3494 | D:5      | Found a burning altar of Makhleb.
  3494 | D:5      | Noticed a balrug
  3497 | D:5      | Noticed a smoke demon
  3497 | D:5      | Noticed an orange demon
  3593 | D:5      | Found a hide-covered altar of Uskayaw.
  3621 | D:5      | Reached skill level 7 in Earth Magic
  3938 | D:5      | Found a shadowy altar of Dithmenos.
  4294 | D:5      | Found a staircase to the Ecumenical Temple.
  4314 | Temple   | Entered the Ecumenical Temple
  4826 | D:3      | Reached skill level 5 in Spellcasting
  5353 | D:3      | Reached XP level 8. HP: 53/53 MP: 0/15
  5547 | D:3      | Found a white marble altar of Elyvilon.
  6030 | D:6      | Noticed Pikel
  6127 | D:6      | Reached skill level 8 in Earth Magic
  6260 | D:6      | Killed Pikel
  6260 | D:6      | Reached skill level 1 in Short Blades
  6260 | D:6      | Reached skill level 1 in Conjurations
  6462 | D:6      | Learned a level 4 spell: Petrify
  6537 | D:6      | Reached XP level 9. HP: 58/58 MP: 0/18
  6730 | D:6      | Reached skill level 1 in Fighting
  6730 | D:6      | Reached skill level 9 in Earth Magic
  6951 | D:6      | Found Woelon's Assorted Antiques.
  6967 | D:6      | Bought a thick fluorescent amulet for 125 gold pieces
  6967 | D:6      | Bought a scroll labeled FAIWIFEOFY for 25 gold pieces
  6967 | D:6      | Bought a scroll labeled CICO ED MIEJEU for 25 gold pieces
  6967 | D:6      | Bought a scroll labeled IRAARU PEUWOIS for 25 gold pieces
  8246 | D:6      | Found the +2 ratskin cloak {+Rats rPois rN+ Str-1 Int-1
                  | Dex+1}
  8505 | D:7      | Reached skill level 1 in Evocations
  8637 | D:7      | Learned a level 3 spell: Conjure Flame
  8641 | D:7      | Learned a level 3 spell: Mephitic Cloud
  8720 | D:7      | Reached skill level 10 in Earth Magic
  8915 | D:7      | Noticed a hippogriff
  9039 | D:7      | Noticed a hippogriff
  9076 | D:7      | Killed a hippogriff
  9159 | D:7      | Killed a hippogriff
  9159 | D:7      | Reached XP level 10. HP: 65/65 MP: 8/21
  9827 | D:8      | Noticed Psyche
  9833 | D:8      | Killed Psyche
 10612 | D:9      | Found an ancient bone altar of Kikubaaqudgha.
 10631 | D:9      | Found an iron altar of Okawaru.
 10631 | D:9      | Found a glowing silver altar of Zin.
 10784 | D:9      | Reached skill level 11 in Earth Magic
 10882 | D:9      | Noticed a two-headed ogre
 10890 | D:9      | Killed a two-headed ogre
 11098 | D:9      | Found a staircase to the Orcish Mines.
 11396 | D:10     | Entered Level 10 of the Dungeon
 12083 | D:10     | Reached skill level 5 in Evocations
 12179 | D:10     | Reached XP level 11. HP: 70/70 MP: 13/24
 12464 | D:10     | Found a runed translucent gate.
 12465 | D:10     | Found a runed translucent gate.
 12466 | D:10     | Found a runed translucent gate.
 12467 | D:10     | Noticed Borgoz's ghost (journeyman GrGl)
 12468 | D:10     | Noticed a 12-headed hydra
 12473 | D:10     | Noticed a two-headed ogre
 12782 | D:10     | Found a staircase to the Lair.
 13080 | D:10     | Noticed a tengu warrior
 13102 | D:10     | Killed a tengu warrior
 13102 | D:10     | Reached skill level 10 in Spellcasting
 13102 | D:10     | Reached skill level 12 in Earth Magic
 13463 | D:10     | Noticed a two-headed ogre
 13472 | D:10     | Killed a two-headed ogre
 13505 | D:10     | Learned a level 3 spell: Ozocubu's Armour
 13506 | D:10     | Noticed an unseen horror
 13509 | D:10     | Killed an unseen horror
 13538 | D:10     | Noticed a two-headed ogre
 13550 | D:10     | Killed a two-headed ogre
 14297 | D:11     | Noticed a two-headed ogre
 14301 | D:11     | Killed a two-headed ogre
 14301 | D:11     | Reached skill level 13 in Earth Magic
 14301 | D:11     | Reached XP level 12. HP: 78/78 MP: 16/27
 14502 | D:11     | Reached skill level 5 in Stealth
 14568 | D:11     | Noticed a sun demon
 15309 | D:12     | Found a flagged portal.
 15326 | Bailey   | Entered a bailey
 15693 | Bailey   | Found a burning altar of Makhleb.
 15809 | D:12     | Found a runed translucent gate.
 15810 | D:12     | Found a runed translucent gate.
 15811 | D:12     | Found a runed translucent gate.
 15811 | D:12     | Identified the +10 battleaxe of Umatef {flame, Str+2}
 15825 | D:12     | Noticed Aske's ghost (journeyman KoGl)
 16261 | D:12     | Identified a scroll of acquirement
 16755 | D:12     | Found a roughly hewn altar of Beogh.
 17167 | D:12     | Reached skill level 14 in Earth Magic
 17368 | D:9      | Killed a two-headed ogre
 17776 | D:10     | Killed a 12-headed hydra
 18001 | Orc:1    | Entered Level 1 of the Orcish Mines
 18248 | Orc:1    | Found Viskaag's Antique Armour Shoppe.
 18258 | Orc:1    | Bought a pair of transparent boots for 218 gold pieces
 18272 | Orc:1    | Identified the cursed +0 pair of boots of Disappointment
                  | {rN+ Str+4 Slay-5} (You bought it in a shop on level 1 of
                  | the Orcish Mines)
 18301 | Orc:1    | Reached XP level 13. HP: 63/84 MP: 6/29
 19018 | Orc:2    | Entered Level 2 of the Orcish Mines
 19018 | Orc:2    | Found Qystrico's Jewellery Shoppe.
 19020 | Orc:2    | Found a staircase to the Elven Halls.
 19029 | Orc:2    | Bought an uncursed ring of magical power for 360 gold
                  | pieces
 20124 | Orc:2    | Found Ysoill's Book Boutique.
 20124 | Orc:2    | Found Kolerphir's Antique Weapon Emporium.
 20289 | Temple   | Became a worshipper of Sif Muna the Loreminder
 20961 | Orc:2    | Found Qiomag's Antique Armour Boutique.
 20961 | Orc:2    | Found Minteor's Food Emporium.
 21013 | Orc:2    | Found a roughly hewn altar of Beogh.
 21743 | Orc:2    | Bought a book of the Earth for 1170 gold pieces
 21750 | Orc:2    | Learned a level 6 spell: Iron Shot
 21756 | Orc:2    | Learned a level 5 spell: Bolt of Magma
 22046 | D:10     | Killed Borgoz's ghost
 22200 | Lair:1   | Entered Level 1 of the Lair of Beasts
 22475 | Lair:1   | Found a runed translucent gate.
 22475 | Lair:1   | Found a runed translucent gate.
 22475 | Lair:1   | Found a runed translucent gate.
 22478 | Lair:1   | Noticed RadicalHijinx's ghost (journeyman FoAK)
 22672 | Lair:1   | Reached skill level 1 in Armour
 22885 | Lair:1   | Reached * piety under Sif Muna
 23083 | Lair:2   | Found a frozen archway.
 23107 | IceCv    | Entered an ice cave
 23198 | IceCv    | Reached skill level 15 in Earth Magic
 23602 | IceCv    | Reached skill level 10 in Evocations
 23630 | IceCv    | Reached XP level 14. HP: 91/91 MP: 0/31
 24404 | IceCv    | Reached ** piety under Sif Muna
 24515 | IceCv    | Noticed a frost giant
 24522 | IceCv    | Reached skill level 1 in Fire Magic
 24989 | IceCv    | Identified the ring of Adinonto {+Blink rC+ Stlth+}
 25019 | IceCv    | Killed a frost giant
 25210 | Lair:2   | Reached skill level 5 in Conjurations
 25445 | Lair:2   | Found a staircase to the Swamp.
 26495 | Lair:3   | Noticed Urug
 26508 | Lair:3   | Killed Urug
 27712 | Lair:4   | Reached *** piety under Sif Muna
 28438 | Lair:4   | Found a staircase to the Snake Pit.
 28694 | Lair:4   | Reached skill level 16 in Earth Magic
 29403 | Lair:4   | Reached XP level 15. HP: 97/97 MP: 2/33
 29788 | Lair:5   | Found a runed translucent door.
 29788 | Lair:5   | Found a viscous altar of Jiyva.
 29788 | Lair:5   | Noticed an azure jelly
 29791 | Lair:5   | Found a staircase to the Slime Pits.
 29791 | Lair:5   | Noticed an azure jelly
 29791 | Lair:5   | Noticed an azure jelly
 29791 | Lair:5   | Noticed an azure jelly
 30658 | Lair:6   | Entered Level 6 of the Lair of Beasts
 30924 | Lair:6   | Reached **** piety under Sif Muna
 31964 | D:13     | Reached skill level 15 in Spellcasting
 31987 | D:13     | You fall through a shaft for 2 floors!
 31987 | D:15     | Entered Level 15 of the Dungeon
 32099 | D:15     | Found Bir Qugh's Assorted Antiques.
 32159 | D:15     | Identified Roxanne's Almanac of Stones
 32159 | D:15     | Noticed Roxanne
 32163 | D:15     | Killed Roxanne
 32602 | D:14     | Reached ***** piety under Sif Muna
 32602 | D:14     | Identified Boletz's Volume of the Arsonist (Sif Muna gifted
                  | it to you on level 14 of the Dungeon)
 32602 | D:14     | Received a gift from Sif Muna
 32695 | D:14     | Reached skill level 17 in Earth Magic
 32763 | D:14     | Learned a level 5 spell: Borgnjor's Vile Clutch
 33380 | D:13     | Found a white marble altar of Elyvilon.
 33456 | D:13     | Found Daashrem's General Store.
 33758 | D:13     | Found a gate to the Vaults.
 34202 | D:14     | Reached XP level 16. HP: 104/104 MP: 35/35
 34770 | D:15     | Reached skill level 18 in Earth Magic
 35140 | D:15     | Cast into level 2 of the Abyss (a wizard)
 35180 | Abyss:2  | Found a roughly hewn altar of Beogh.
 35287 | Abyss:2  | Slain by a chaos spawn

Skill      XL: |  1  2  3  4  5  6  7  8  9 10 11 12 13 14 15 16 |
---------------+-------------------------------------------------+-----
Earth Magic    | 4 5 6 7 8 10 11 13 14 15 16 17 18 | 18.4
Dodging        | 2 3 4 |  4.2
Spellcasting   | 3 4 5 6 7 9 11 12 13 14 15 | 15.4
Stealth        | 3 4 5 6 |  6.5
Short Blades   | 1 2 4 |  4.4
Conjurations   | 2 3 4 5 6 |  6.5
Fighting       | 1 2 3 |  3.1
Evocations     | 2 5 6 7 10 11 | 11.9
Armour         | 1 2 |  2.7
Fire Magic     | 2 |  2.5
Staves         | |  0.6
Transmutations | |  1.8

Action                   |  1- 3 |  4- 6 |  7- 9 | 10-12 | 13-15 | 16-18 || total
-------------------------+-------+-------+-------+-------+-------+-------++-------
Melee: Unarmed           |     6 |       |       |       |       |       ||     6
       Rapier            |    12 |    19 |    55 |    20 |    85 |     7 ||   198
       Staff             |       |     3 |     1 |     2 |    13 |     2 ||    21
 Cast: Sandblast         |    34 |    21 |    51 |   192 |   222 |    43 ||   563
       Stone Arrow       |       |     3 |    83 |    89 |    51 |     4 ||   230
       Lee's Rapid Decon |       |     4 |    14 |    82 |   114 |     3 ||   217
       Conjure Flame     |       |       |       |     4 |    20 |       ||    24
       Petrify           |       |       |       |     2 |    18 |       ||    20
       Iron Shot         |       |       |       |       |   138 |    14 ||   152
       Bolt of Magma     |       |       |       |       |    56 |     2 ||    58
       Ozocubu's Armour  |       |       |       |       |     3 |       ||     3
       Borgnjor's Vile C |       |       |       |       |       |     1 ||     1
 Abil: Evoke Ratskin     |       |       |     1 |     1 |     1 |       ||     3
       Evoke Flight      |       |       |       |     3 |     1 |       ||     4
       Dig               |       |       |       |       |     1 |       ||     1
       Shaft Self        |       |       |       |       |     1 |       ||     1
Evoke: Wand              |       |       |       |       |     6 |       ||     6
  Use: Scroll            |       |       |     7 |    15 |    11 |     1 ||    34
       Potion            |       |       |       |     1 |     7 |     1 ||     9
 Stab: Sleeping          |     2 |       |     5 |     1 |       |       ||     8
       Petrified         |       |       |       |     2 |    50 |       ||    52
  Eat: Chunk             |     3 |     5 |    17 |    26 |    66 |     2 ||   119
       Ration            |       |       |     4 |     6 |    17 |     2 ||    29
Armor: Robe              |    12 |     2 |    10 |    36 |     2 |       ||    62
       Troll leather arm |       |       |       |       |    82 |     8 ||    90
       Skin              |       |       |       |       |     3 |       ||     3
Dodge: Dodged            |    21 |    17 |    59 |    74 |   178 |    14 ||   363
Block: Other             |       |       |     1 |     6 |    11 |     2 ||    20
       Reflection        |       |       |       |     2 |     5 |       ||     7
